 Dungeon Crawl Stone Soup version 0.21.1-1-g345015f (webtiles) character file.

711 inc the Magician (level 7, -10/24 HPs)
             Began as a Felid Wizard on Mar 3, 2018.
             Was an Initiate of Gozag.
             Mangled by an orc warrior
             ... wielding a +0 mace
              (18 damage)
             ... on level 5 of the Dungeon.
             The game lasted 00:11:24 (7588 turns).

inc the Magician (Felid Wizard)                     Turns: 7588, Time: 00:11:25

Health: -10/24     AC:  2    Str:  3    XL:     7   Next: 40%
Magic:  14/18      EV: 19    Int: 24    God:    Gozag
Gold:   718        SH:  0    Dex: 14    Spells: 16/20 levels left
                                        Lives:  0   Deaths: 2

rFire    . . .     SeeInvis +     - Unarmed
rCold    . . .     Gourm    .   (shield unavailable)
rNeg     . . .     Faith    .   (armour unavailable)
rPois    .         Spirit   .   (helmet unavailable)
rElec    .         Reflect  .   (cloak unavailable)
rCorr    .         Harm     .   (gloves unavailable)
MR       ++...                  (boots unavailable)
Stlth    +++.......             (no amulet)
HPRegen  0.08/turn              (no ring)
MPRegen  0.16/turn              (no ring)

@: quick
A: very small, no armour, no weapons or thrown items, stealth, claws 1, fangs 3,
see invisible, carnivore, clever 1, speed 1, frail 1, magic resistance 1, shaggy
fur 2, slow metabolism 1, sharp paws
a: Potion Petition, Call Merchant, Bribe Branch, Renounce Religion


You were on level 5 of the Dungeon.
You worshipped Gozag.
Gozag was pleased with you.
You were not hungry.

You visited 1 branch of the dungeon, and saw 6 of its levels.

You collected 761 gold pieces.
You paid 43 gold pieces to Gozag.

Inventory:

Jewellery
 u - an uncursed ring of protection from cold {unknown}
Wands
 m - a wand of acid (3)
 n - a wand of iceblast (9)
Scrolls
 c - a scroll of identify
 e - 7 scrolls of teleportation {unknown}
 f - a scroll of enchant weapon {unknown}
 g - 5 scrolls of remove curse
 h - a scroll of blinking
 o - a scroll of magic mapping
 s - a scroll of fear
 t - a scroll of fog
 v - a scroll of amnesia {unknown}
Potions
 d - a potion of berserk rage
 i - 2 potions of agility
 j - 2 potions of flight
 k - a potion of lignification
 l - a potion of ambrosia
 p - 2 potions of brilliance
 r - 2 potions of heal wounds
Books
 a - a book of Minor Magic

   Spells                             Type                      Level
   a - Magic Dart                     Conjuration                  1
   b - Blink                          Translocation                2
   c - Call Imp                       Summoning                    2
   d - Slow                           Hexes                        2
   e - Conjure Flame                  Conjuration/Fire             3
   f - Mephitic Cloud                 Conjuration/Poison/Air       3
 q - Vehumet's Disquisition on Conjuration
   (You found it on level 4 of the Dungeon)

   Spells                             Type                      Level
   a - Magic Dart                     Conjuration                  1
Comestibles
 b - 5 rations


   Skills:
 - Level 4.8 Dodging
 - Level 2.6 Stealth
 + Level 4.2 Unarmed Combat
 - Level 7.0 Spellcasting
 - Level 4.2 Conjurations
   Level 1.0 Summonings
   Level 1.5 Translocations


You had 16 spell levels left.
You knew the following spells:

 Your Spells              Type           Power        Failure   Level  Hunger
a - Magic Dart            Conj           ####         1%          1    None
b - Mephitic Cloud        Conj/Pois/Air  ###.....     12%         3    None


Dungeon Overview and Level Annotations

Branches:
Dungeon (6/15)             Temple (0/1) D:5

Altars:
Gozag
Kikubaaqudgha
Makhleb
Sif Muna
Vehumet
Wu Jian


Innate Abilities, Weirdness & Mutations

You cannot wear armour.
You are incapable of wielding weapons or throwing items.
Your paws allow you to move quietly. (Stealth)
You have sharp claws.
You have razor-sharp teeth.
You have supernaturally acute eyesight. (SInv)
You are carnivorous and can eat meat at any time.
You cover ground quickly.
You are covered in thick fur. (AC +2)
You have a slow metabolism.
Your sharp claws are effective at attacking unaware monsters.
Your mind is acute. (Int +2)
You are frail. (-10% HP)
You are resistant to hostile enchantments. (MR+)


Message History

The orc warrior is lightly wounded.
You scratch the orc warrior but do no damage.
The orc warrior is lightly wounded.
You scratch the orc warrior but do no damage.
The orc warrior is lightly wounded.
You scratch the orc warrior but do no damage.
The orc warrior is lightly wounded.
You barely miss the orc warrior.
The orc warrior is lightly wounded.
The orc warrior hits you but does no damage.
You catch the helpless orc warrior completely off-guard!
You scratch the orc warrior.
The orc warrior is moderately wounded.
You catch the helpless orc warrior completely off-guard!
You scratch the orc warrior.
The orc warrior is moderately wounded.
The orc warrior hits you with a mace!!
Ouch! That really hurt!
You die...
Your body crumbles into a pile of gold.

##..(...............###...#
#..................## ###..
#................### ###
#................# #
#................#
#................#
#.......$.).....##
##.......o.[$...###
##.......@.......##..
#..................
.#.................
..........##.......
.........## ##.....
###%###### ##... #.. ## #.


You could see an orc warrior (confused).

Vanquished Creatures
  2 sky beasts (D:5)
  2 phantoms
  An ice beast (D:5)
  A necrophage (D:3)
  2 centaurs (D:5)
  2 scorpions
  A centaur zombie (D:5)
  A bullfrog skeleton (D:5)
  3 hounds
  A jelly (D:5)
  2 orc wizards (D:5)
  Ijyb (D:3)
  Robin (D:3)
  5 gnolls
  An adder (D:2)
  3 oozes
  An adder skeleton (D:4)
  2 worms
  2 dart slugs
  2 leopard geckos
  12 orcs
  6 giant cockroaches
  18 goblins
  6 hobgoblins
  4 jackals (D:5)
  2 quokkas
  15 bats
  7 frilled lizards
  A jackal zombie (D:5)
  7 kobolds
  5 rats
119 creatures vanquished.

Notes
Turn   | Place    | Note
-------+----------+-------------------------------------------
     0 | D:1      | inc the Felid Wizard began the quest for the Orb.
     0 | D:1      | Reached XP level 1. HP: 7/7 MP: 5/5
    32 | D:1      | Reached skill level 1 in Conjurations
   247 | D:1      | Reached XP level 2. HP: 11/11 MP: 2/7
   552 | D:2      | Reached XP level 3. HP: 14/14 MP: 1/8
  1603 | D:2      | Found a burning altar of Makhleb.
  1608 | D:2      | Reached XP level 4. HP: 13/18 MP: 3/9
  1708 | D:3      | Noticed Ijyb
  1808 | D:3      | Found an ornate altar of the Wu Jian Council.
  1814 | D:3      | Found an opulent altar of Gozag.
  1849 | D:3      | Became a worshipper of Gozag Ym Sagoz the Greedy
  2092 | D:3      | Noticed Robin
  2100 | D:3      | Killed Robin
  2890 | D:4      | Noticed a phantom
  2967 | D:3      | Reached XP level 5. HP: 21/21 MP: 0/10
  3081 | D:3      | Killed Ijyb
  3721 | D:3      | Noticed a necrophage
  3760 | D:3      | Killed a necrophage
  3760 | D:3      | Reached skill level 4 in Spellcasting
  3760 | D:3      | Gained mutation: You are covered in thick fur. (AC +2) [Felid growth]
  3760 | D:3      | Reached XP level 6. HP: 22/24 MP: 7/13
  4531 | D:4      | Reached skill level 5 in Spellcasting
  4800 | D:4      | Found a deep blue altar of Sif Muna.
  4800 | D:4      | Found an ancient bone altar of Kikubaaqudgha.
  4802 | D:4      | Found a radiant altar of Vehumet.
  4805 | D:4      | Identified Vehumet's Disquisition on Conjuration
  4846 | D:5      | Entered Level 5 of the Dungeon
  5210 | D:5      | Noticed a sky beast
  5248 | D:5      | Killed a sky beast
  5248 | D:5      | Reached skill level 6 in Spellcasting
  5248 | D:5      | Reached XP level 7. HP: 27/27 MP: 6/17
  5998 | D:5      | Mangled by a centaur
  5999 | D:5      | Reached XP level 6. HP: -6/24 MP: 16/16
  6011 | D:5      | Reached skill level 7 in Spellcasting
  6026 | D:5      | HP: 1/24 [centaur (7)]
  6030 | D:5      | Mangled by a centaur
  6031 | D:5      | Reached XP level 5. HP: -6/21 MP: 0/15
  6044 | D:5      | Noticed an orc warrior
  6044 | D:5      | Found a staircase to the Ecumenical Temple.
  6094 | D:4      | Gained mutation: You are occasionally teleported next to monsters. [potion of mutation]
  6094 | D:4      | Gained mutation: You are resistant to hostile enchantments. (MR+) [potion of mutation]
  6095 | D:4      | Lost mutation: You are occasionally teleported next to monsters. [potion of mutation]
  6095 | D:4      | Gained mutation: You are frail. (-10% HP) [potion of mutation]
  6095 | D:4      | Gained mutation: Your mind is acute. (Int +2) [potion of mutation]
  6135 | D:5      | Noticed a sky beast
  6136 | D:5      | Noticed an ice beast
  6380 | D:6      | Noticed a sky beast
  6695 | D:4      | Killed a phantom
  6695 | D:4      | Reached XP level 6. HP: 21/21 MP: 1/17
  6975 | D:4      | Learned a level 3 spell: Mephitic Cloud
  7079 | D:5      | Killed a sky beast
  7079 | D:5      | Reached skill level 1 in Unarmed Combat
  7156 | D:5      | Reached XP level 7. HP: 14/24 MP: 13/18
  7588 | D:5      | Mangled by an orc warrior

Skill      XL: |  1  2  3  4  5  6  7 |
---------------+----------------------+-----
Conjurations   | 1 2 3 4 |  4.2
Spellcasting   | 4 7 |  7.0
Dodging        | 4 |  4.8
Unarmed Combat | 2 4 |  4.2
Stealth        | |  2.6
Summonings     | |  1.0
Translocations | |  1.5

Action                   |  1- 3 |  4- 6 |  7- 9 || total
-------------------------+-------+-------+-------++-------
Melee: Unarmed           |    39 |    34 |     9 ||    82
       Bite              |     2 |     1 |       ||     3
 Cast: Magic Dart        |    85 |   298 |    76 ||   459
       Mephitic Cloud    |       |     3 |     2 ||     5
  Use: Scroll            |       |    12 |       ||    12
       Potion            |       |     3 |       ||     3
 Stab: Confused          |       |     2 |     3 ||     5
  Eat: Ration            |       |     3 |     2 ||     5
Armor: Skin              |     7 |     4 |     1 ||    12
Dodge: Dodged            |    77 |    89 |    26 ||   192
